 Dungeon Sprint DCSS version 0.27.1-1-g398f81649c (webtiles) character file.

Game seed: 995400731310287717

6463 ugugthedestroyer the Cleaver (level 10, -1/86 HPs)
             Began as a Demonspawn Gladiator on Sept 6, 2021.
             Was an Initiate of Gozag.
             Slain by Erolcha (10 damage)
             ... in the Dungeon (Sprint VII: "The Pits").
             The game lasted 00:10:22 (2294 turns).

ugugthedestroyer the Cleaver (Demonspawn Gladiator) Turns: 2294, Time: 00:10:23

Health: -1/86      AC: 16    Str: 17    XL:     10   Next: 68%
Magic:  19/19      EV: 19    Int: 10    God:    Gozag
Gold:   1000       SH:  0    Dex: 21    Spells: 9/9 levels left

rFire    + . .     SeeInvis .   d - +2 hand axe
rCold    + . .     Faith    .   (no shield)
rNeg     . . .     Spirit   .   g - +3 ring mail
rPois    +         Reflect  .   b - +0 helmet of the Forest {Fly rCorr MP+9}
rElec    +         Harm     .   (no cloak)
rCorr    +         Rampage  .   n - +0 pair of gloves "Nusirox" {Slay+3}
Will     .....     NoTele   +   (boots unavailable)
Stlth    +.........             (no amulet)
HPRegen  0.24/turn              k - +3 ring of dexterity
MPRegen  0.16/turn              o - +3 ring of dexterity

@: mighty, resistant, on berserk cooldown, flying, slowed, very slow
A: hooves 3, slimy green scales 2, powered by death 1, spiny 1
a: Renounce Religion, Potion Petition, Call Merchant, Bribe Branch


You were in the Dungeon.
You worshipped Gozag.
Gozag was most pleased with you.
You visited 1 branch You collected 3393 gold pieces.
You spent 550 gold pieces at shops.
You paid 1843 gold pieces to Gozag.

Inventory:

Hand Weapons
 a - a +0 war axe
 d - a +2 hand axe (weapon)
Armour
 b - the +0 helmet of the Forest (worn) {Fly rCorr MP+9}
   (You bought it in a shop in the Dungeon)

   MP:        It affects your magic capacity (+9).
   Fly:       It grants you flight.
   rCorr:     It protects you from acid and corrosion.
 c - a +0 helmet
 g - a +3 ring mail (worn)
 n - the +0 pair of gloves "Nusirox" (worn) {Slay+3}
   (You bought it in a shop in the Dungeon)

   Slay:      It affects your accuracy & damage with ranged weapons and melee
   (+3).
Jewellery
 k - a +3 ring of dexterity (left hand)
 o - a +3 ring of dexterity (right hand)
Scrolls
 l - 5 scrolls of amnesia
 m - a scroll of summoning
Potions
 e - 7 potions of curing
 h - 4 potions of magic
 i - a potion of berserk rage


   Skills:
 + Level 10.8 Fighting
 + Level 14.3 Axes
 - Level 1.7 Throwing
 * Level 11.1 Armour
 + Level 11.9 Dodging
 - Level 1.2 Stealth


You had 9 spell levels left.
You didn't know any spells.
Your spell library was empty.

Dungeon Overview and Level Annotations

Branches:
Dungeon (1/1)

Altars:
Ashenzari
Cheibriados
Dithmenos
Elyvilon
Fedhas
Gozag
Hepliaklqana
Kikubaaqudgha
Makhleb
Nemelex Xobeh
Okawaru
Qazlal
Ru
Sif Muna
Trog
Uskayaw
Vehumet
Wu Jian
Xom
Yredelemnul
Zin
The Shining One
Beogh
Jiyva
Lugonu

Shops:
D [

Annotations:
D Erolcha


Innate Abilities, Weirdness & Mutations

You have hooves in place of feet.
You are mostly covered in slimy green scales. (AC +3)
You regenerate a little health from kills.
You are partially covered in sharp spines.


Message History

[c] - 260 gold - heal wounds and magic Purchase which effect?
You feel much better.
You feel better.
A red film seems to cover your vision as you go berserk!
You feel yourself moving faster!
You feel mighty! Something hits you!
The death knight is struck by your spines.
The death knight hits you with a +3 battleaxe of electrocution!
The death knight reflects your damage back at you!
You slash the death knight! You kick the death knight.
You kill the death knight!
You slash something!
Your damage is reflected back at you!
* * * LOW HITPOINT WARNING * * *
You hear some strange, mumbled words.
Things that are here:
126 gold pieces; a +3 battleaxe of electrocution; a +0 chain mail You feel a strong urge to attack something.
You see here 27 gold pieces.
You hear some strange, mumbled words.
A fireball appears from out of thin air!
The fireball explodes!
The fireball engulfs you! You resist.
* * * LOW HITPOINT WARNING * * *
Things that are here:
126 gold pieces; a +3 battleaxe of electrocution; a +0 chain mail You feel your anger nearly subside.
You are no longer berserk.
You are exhausted.
You feel yourself slow down.
Things that are here:
126 gold pieces; a +3 battleaxe of electrocution; a +0 chain mail
There is an open door here.
Something unseen opens the door.
You reach down and close the door.
A fireball appears from out of thin air!
The fireball explodes!
The fireball engulfs you! You resist.
* * * LOW HITPOINT WARNING * * *
You reach down and open the door.
There is an open door here.
You reach down and close the door.
Something unseen opens the door.
You slash something! You kick something. Something hits you!
You die...
Your body crumbles into a pile of gold.

..............+
..............+
....#..#......#
..............#
#'#####''######
.(...##''############## ####
.....##......#...'....###...#
.....##....###)..###...#...#
.<...##...##.+..@'.##.$...#
.....##..##..##+##..##$..##
.....##..#..##...##..+$..#
.....##..#..#.....#..#...#
#######..'..+.....+..+...+
#######..#..#.....#..#...#
#..[[##..#..##...##..'...#
#!.[[##..##..##'##..##..ยง#
'..))##...##.+)).+.##.....


There were no monsters in sight!

Vanquished Creatures
  A death knight (D)
  A sun demon (D)
  A spriggan druid (D)
  A bog body (D)
  A lindwurm (D)
  2 smoke demons (D)
  A molten gargoyle (D)
  A demonic crawler (D)
  A snapping turtle (D)
  4 dream sheep (D)
  A flying skull (D)
  A ynoxinul (D)
  A fire bat (D)
  A floating eye (D)
  A swamp drake (D)
  A necrophage (D)
  A centaur (D)
  5 wolves (D)
  2 kobold brigands (D)
  A bullfrog (D)
  2 scorpions (D)
  3 killer bees (D)
  A crimson imp (D)
  2 orc priests (D)
  An orc wizard (D)
  An adder zombie (D)
  4 orcs (D)
  2 endoplasms (D)
  A giant cockroach (D)
  A hobgoblin (D)
  6 jackals (D)
  A ball python (D)
  2 goblins (D)
  2 rats (D)
58 creatures vanquished.

Vanquished Creatures (others)
  An orc (D)
1 creature vanquished.

Grand Total: 59 creatures vanquished

Notes
Turn   | Place    | Note
-------+----------+-------------------------------------------
     0 | D        | ugugthedestroyer the Demonspawn Gladiator began the quest
                  | for the Orb.
     0 | D        | Reached XP level 1. HP: 16/16 MP: 1/1
    44 | D        | Found a bloodstained altar of Trog.
    44 | D        | Found a shimmering blue altar of Sif Muna.
    44 | D        | Found a viscous altar of Jiyva.
    44 | D        | Found a hazy altar of Hepliaklqana.
    44 | D        | Found an opulent altar of Gozag.
    51 | D        | Found a basalt altar of Yredelemnul.
    51 | D        | Found a shimmering altar of Xom.
    51 | D        | Found an ornate altar of the Wu Jian Council.
    51 | D        | Found a sacrificial altar of Ru.
    51 | D        | Found a stormy altar of Qazlal.
    51 | D        | Found an iron altar of Okawaru.
    51 | D        | Found a sparkling altar of Nemelex Xobeh.
    51 | D        | Found a burning altar of Makhleb.
    51 | D        | Found a blossoming altar of Fedhas.
    51 | D        | Found a shadowy altar of Dithmenos.
    51 | D        | Found a snail-covered altar of Cheibriados.
    54 | D        | Found a corrupted altar of Lugonu.
    54 | D        | Found a radiant altar of Vehumet.
    55 | D        | Found an ancient bone altar of Kikubaaqudgha.
    55 | D        | Found a hide-covered altar of Uskayaw.
    55 | D        | Found a broken altar of Ashenzari.
    58 | D        | Became a worshipper of Gozag Ym Sagoz the Greedy
    72 | D        | Noticed a floating eye
    76 | D        | Reached skill level 3 in Axes
    78 | D        | Killed a floating eye
    79 | D        | Reached skill level 5 in Axes
    79 | D        | Reached skill level 5 in Dodging
    79 | D        | Gained mutation: You are partially covered in sharp spines.
                  | [demonic ancestry]
    79 | D        | Reached XP level 2. HP: 24/24 MP: 2/2
    79 | D        | Gained mutation: You have large cloven feet. [demonic
                  | ancestry]
    79 | D        | Reached XP level 3. HP: 29/29 MP: 3/3
    79 | D        | Reached XP level 4. HP: 35/35 MP: 4/4
    84 | D        | Noticed a scorpion
    84 | D        | Noticed a scorpion
    92 | D        | Killed a scorpion
    93 | D        | Reached skill level 6 in Axes
    93 | D        | Gained mutation: You regenerate a little health from kills.
                  | [demonic ancestry]
    93 | D        | Reached XP level 5. HP: 23/42 MP: 5/5
    95 | D        | Reached skill level 7 in Axes
   475 | D        | Noticed a flying skull
   501 | D        | Killed a flying skull
   502 | D        | Reached skill level 8 in Axes
   502 | D        | Reached skill level 5 in Armour
   502 | D        | Gained mutation: You have hoof-like feet. [demonic
                  | ancestry]
   502 | D        | Reached XP level 6. HP: 25/50 MP: 6/6
   515 | D        | Reached skill level 5 in Fighting
   540 | D        | Reached skill level 9 in Axes
   540 | D        | Gained mutation: You are partially covered in slimy green
                  | scales. (AC +2) [demonic ancestry]
   540 | D        | Reached XP level 7. HP: 24/56 MP: 7/7
   729 | D        | Bought a bloodstained helmet for 275 gold pieces
   729 | D        | Identified the +0 helmet of the Forest {Fly rCorr MP+9}
                  | (You bought it in a shop in the Dungeon)
   729 | D        | Bought a pair of twisted gloves for 275 gold pieces
   729 | D        | Identified the +0 pair of gloves "Nusirox" {Slay+3} (You
                  | bought it in a shop in the Dungeon)
   766 | D        | Noticed a molten gargoyle
   766 | D        | Noticed a demonic crawler
   783 | D        | Killed a demonic crawler
   784 | D        | Reached skill level 10 in Axes
   784 | D        | Gained mutation: You have hooves in place of feet. [demonic
                  | ancestry]
   784 | D        | Reached XP level 8. HP: 52/65 MP: 8/8
   789 | D        | Killed a molten gargoyle
   790 | D        | Reached skill level 11 in Axes
   790 | D        | Reached skill level 1 in Stealth
   989 | D        | Noticed a smoke demon
   990 | D        | Noticed a bog body
  1008 | D        | Killed a smoke demon
  1009 | D        | Reached skill level 10 in Dodging
  1009 | D        | Gained mutation: You are mostly covered in slimy green
                  | scales. (AC +3) [demonic ancestry]
  1009 | D        | Reached XP level 9. HP: 47/74 MP: 9/9
  1011 | D        | Killed a bog body
  1012 | D        | Reached skill level 12 in Axes
  1556 | D        | Reached skill level 10 in Armour
  1602 | D        | Reached skill level 13 in Axes
  1842 | D        | Noticed a spriggan druid
  1849 | D        | Killed a spriggan druid
  1850 | D        | Reached XP level 10. HP: 55/83 MP: 10/10
  1972 | D        | Noticed a lindwurm
  1982 | D        | Killed a lindwurm
  2067 | D        | Reached skill level 10 in Fighting
  2080 | D        | Noticed a sun demon
  2100 | D        | Killed a sun demon
  2101 | D        | Reached skill level 14 in Axes
  2263 | D        | Noticed a smoke demon
  2264 | D        | Noticed a death knight
  2264 | D        | Noticed Erolcha
  2271 | D        | Killed a smoke demon
  2277 | D        | Killed a death knight
  2294 | D        | Slain by Erolcha

Illustrated notes

Levels and vault maps discovered:
D:        pitsprint [storerooms_1, entrance_room_1, metal_vault_6, armoury_1,
          mini_pit_1, grid_room_1, main_hall_1, silver_pit, the_coven_1,
          the_vestibule_1, steel_vault_2, golden_pit, hallway_of_sentries,
          crystal_vault_2, iron_vault_1, final_vault]

Skill      XL: |  1  2  3  4  5  6  7  8  9 10 |
---------------+-------------------------------+-----
Axes           | 5 6 8 9 10 11 13 14 | 14.3
Dodging        | 5 6 7 8 9 10 11 | 11.9
Fighting       | 3 4 5 6 7 9 10 | 10.8
Armour         | 3 4 5 6 7 9 10 11 | 11.1
Stealth        | 1 |  1.2
Throwing       | |  1.7

Action                   |  1- 3 |  4- 6 |  7- 9 | 10-12 || total
-------------------------+-------+-------+-------+-------++-------
Melee: Hand axe          |     5 |    45 |   106 |    45 ||   201
       War axe           |     2 |       |       |       ||     2
       Kick              |       |    12 |    42 |    25 ||    79
Invok: Call Merchant     |       |       |     1 |       ||     1
       Potion Petition   |       |       |       |     2 ||     2
  Use: Potion            |       |     6 |    11 |     2 ||    19
       Scroll            |       |       |     1 |       ||     1
 Stab: Distracted        |       |       |     2 |       ||     2
       Invisible         |       |       |     2 |       ||     2
Armor: Leather armour    |     1 |     3 |       |       ||     4
       Ring mail         |       |    14 |    50 |    11 ||    75
Dodge: Dodged            |     1 |    25 |    95 |    27 ||   148
